 Dungeon Crawl Stone Soup version 0.31-a0-692-gf03d1854d5 (webtiles) character file.

Game seed: 949903914204882699

2277 qw the Skirmisher (level 9, -3/55 HPs)
             Began as a Gargoyle Hunter on Sept 6, 2023.
             Slain by a yak (8 damage)
             ... on level 6 of the Dungeon.
             The game lasted 00:02:09 (4806 turns).

qw the Skirmisher (Gargoyle Hunter)                 Turns: 4806, Time: 00:02:09

Health: -3/55      AC: 17    Str: 14    XL:     9   Next: 39%
Magic:  9/9        EV: 14    Int: 11    God:
Gold:   88         SH:  0    Dex: 17    Spells: 8/8 levels left

rFire   . . .        Y - +2 shortbow (flame)
rCold   . . .        (shield currently unavailable)
rNeg    + . .        g - +2 robe
rPois   inf          (no helmet)
rElec   +            (no cloak)
rCorr   +            m - +0 pair of gloves
SInv    .            q - +0 pair of boots
Will    .....        (no amulet)
Stlth   ++           e - ring of resist corrosion
HPRegen 0.29/turn    h - +4 ring of protection
MPRegen 0.11/turn

%: random rage (3%)
@: no status effects
A: sickness immunity, AC +6, negative energy resistance 1, electricity
resistance, torment resistance 1, petrification resistance, hooves 1, berserk 1,
evolution 1
a: no special abilities


You were on level 6 of the Dungeon.
You visited 1 branch of the dungeon, and saw 6 of its levels.

You collected 306 gold pieces.
You spent 218 gold pieces at shops.


Innate Abilities, Weirdness & Mutations

You are immune to sickness and miasma.
Your stone body is resilient. (AC +6)
You are immune to poison.
You resist negative energy. (rN+)
You are resistant to electric shocks. (rElec)
You are resistant to unholy torment.
You are immune to petrification.
You have large cloven feet.
You sometimes lose your temper in combat.
You have hidden genetic potential.


   Skills:
 - Level 6.1 Fighting
 + Level 9.9 Ranged Weapons
 - Level 4.0 Armour
 - Level 4.4 Dodging
 - Level 1.1 Stealth


You had 8 spell levels left.
You didn't know any spells.
Your spell library was empty.

Inventory:

Hand Weapons
 Y - a +2 shortbow of flaming (weapon)
Armour
 g - a +2 robe (worn)
 m - a +0 pair of gloves (worn)
 q - a +0 pair of boots (worn)
Jewellery
 e - a ring of resist corrosion (left hand)
 h - a +4 ring of protection (right hand)
 j - an amulet of magic regeneration
Scrolls
 a - 2 scrolls of identify
Potions
 b - a potion of resistance
 c - a potion of magic {unknown}
 d - a potion of lignification {unknown}
 f - 5 potions of curing
 i - a potion of haste {unknown}
 o - a potion of might

Dungeon Overview and Level Annotations

Branches:
Dungeon (6/15)
 Temple: D:4-7

Altars:
Ashenzari
Cheibriados
Fedhas
Makhleb
Nemelex Xobeh
Wu Jian

Shops:
D:5 [=[(*


Message History

The arrow barely misses the steam dragon.
The arrow barely misses the shadow imp.
The steam dragon breathes steam at you. The ball of steam hits you!!
Enter note:
Enter note:
4795 |||
Found retreat position at 1,2 (floor) with 0 blocking monsters and 1 monsters attacking at destination at distance 2
4795 ||| Stepping ~*~*~tactically~*~*~ (retreating).
There is an open door, spattered with blood here.
Items here: % )) [.
You shoot an arrow. The arrow hits the steam dragon.
The arrow burns the steam dragon.
You kill the steam dragon!
You shoot an arrow. The arrow barely misses the shadow imp.
You start resting.
A shadow imp is nearby!
You shoot an arrow. The arrow hits the shadow imp!
The arrow burns the shadow imp.
You kill the shadow imp!
You shoot an arrow. The arrow hits the yak.
The arrow burns the yak.
The yak is moderately wounded.
The yak completely misses you.
You shoot an arrow. The arrow hits the yak.
The arrow burns the yak.
The yak is heavily wounded.
You shoot an arrow. The arrow completely misses the yak.
The yak closely misses you.
You shoot an arrow. The arrow hits the yak!
The arrow burns the yak.
The yak is severely wounded.
The yak gores you but does no damage.
You shoot an arrow. The arrow hits the yak.
The arrow burns the yak.
The yak is severely wounded.
The yak misses you.
You shoot an arrow.
The arrow hits the yak but does no damage.
The yak is severely wounded.
The yak gores you.
You shoot an arrow. The arrow hits the yak.
The arrow burns the yak.
The yak is almost dead.
The yak gores you!
You die...

# #.###.#.##.#.#
#......¤¤~ #
#.#...#....#.# #.###..~¤~
# #.#.#####....# #.#
#..~¤~ # #.#...#....###
#.# #...¤~ # #.###.#.##.#
#.# ##.~¤¤ # #.# #...##.##
#.# #.~~~ ##### #.#
##....#.# ##.## #....
....#
#.####..Y...####...###...#
###.#
#...#.¤.#@#..##>.#.......<
..>.#
###.#.5##.##.##....###.###
##### #¤#..#.(.#.)..#.##
#.# # #...#######.#.#.#
#.# #.#Y#.....#.#<#.# #.#
#...#.....'...#.####.#
#..#########.........#
#..# #).#.######
#..'$.5.H. #........####


You could see a yak.

Vanquished Creatures
  Pikel (D:5)
  Grinder (D:5)
  Edmund (D:5)
  2 steam dragons (D:6)
  A water moccasin (D:5)
  A black bear (D:5)
  2 ice beasts (D:6)
  A sky beast (D:6)
  An ogre (D:6)
  A phantom (D:5)
  2 orc priests (D:6)
  A gnoll bouda (D:6)
  7 hounds
  2 iguanas
  2 orc wizards
  A gnoll (D:1)
  8 adders
  2 shadow imps
  An ufetubus (D:5)
  A worm (D:2)
  A dart slug (D:2)
  21 orcs
  6 bats
  7 endoplasms
  4 giant cockroaches
  6 goblins
  5 hobgoblins
  2 jackals
  7 kobolds
  8 quokkas
  9 ball pythons
  2 frilled lizards
  5 rats
122 creatures vanquished.

Vanquished Creatures (others)
  An orc wizard (D:3)
1 creature vanquished.

Grand Total: 123 creatures vanquished

Notes
Turn   | Place    | Note
-------+----------+-------------------------------------------
     0 | D:1      | qw the Gargoyle Hunter began the quest for the Orb.
     0 | D:1      | Reached XP level 1. HP: 12/12 MP: 1/1
     0 | D:1      | 0 ||| qw: Version: 0.3-a-76-g4403597
     0 | D:1      | 0 ||| qw: Game counter: 52
     0 | D:1      | 0 ||| qw: Melee chars always use a shield: true
     0 | D:1      | 0 ||| qw: God list: Okawaru
     0 | D:1      | 0 ||| qw: Allow faded altars: false
     0 | D:1      | 0 ||| qw: Do Orc after clearing Dungeon:15 true
     0 | D:1      | 0 ||| qw: Do second Lair branch before Depths: true
     0 | D:1      | 0 ||| qw: Lair rune preference: random
     0 | D:1      | 0 ||| qw: Goals: Normal
     0 | D:1      | 0 ||| PLANNING D:1-11
    82 | D:1      | Reached XP level 2. HP: 17/17 MP: 2/2
   491 | D:1      | Reached skill level 5 in Ranged Weapons
   491 | D:1      | Reached XP level 3. HP: 9/21 MP: 3/3
   810 | D:1      | 810 ||| UPGRADING to +0 ring mail.
   820 | D:1      | 820 ||| DROPPING +0 leather armour.
   821 | D:1      | 821 ||| UPGRADING to ring of resist corrosion.
   822 | D:1      | 822 ||| DRINKING 2 black potions.
   823 | D:1      | 823 ||| DROPPING scroll of butterflies.
   832 | D:2      | 832 ||| STAIRDANCE
   889 | D:2      | Reached skill level 1 in Armour
   900 | D:2      | Reached XP level 4. HP: 26/27 MP: 4/4
  1309 | D:2      | Reached skill level 3 in Fighting
  1343 | D:2      | 1343 ||| UPGRADING to +0 helmet.
  1348 | D:2      | 1348 ||| DROPPING +6 ring of intelligence.
  1349 | D:2      | 1349 ||| READING scroll labelled BUF ILUKHA.
  1350 | D:2      | 1350 ||| READING scroll labelled TIUTEAF IVUSM.
  1351 | D:2      | 1351 ||| READING scroll labelled HIFYFR ADGHIM.
  1352 | D:2      | 1352 ||| DRINKING 2 cyan potions.
  1409 | D:3      | 1409 ||| DRINKING 2 potions of curing.
  1409 | D:3      | 1409 ||| (to cure confusion)
  1416 | D:3      | 1416 ||| FLEEEEING.
  1419 | D:3      | 1419 ||| FLEEEEING.
  1420 | D:3      | 1420 ||| FLEEEEING.
  1421 | D:3      | 1421 ||| FLEEEEING.
  1422 | D:3      | 1422 ||| FLEEEEING.
  1423 | D:3      | 1423 ||| FLEEEEING.
  1424 | D:3      | 1424 ||| FLEEEEING.
  1425 | D:3      | 1425 ||| FLEEEEING.
  1426 | D:3      | 1426 ||| FLEEEEING.
  1427 | D:3      | 1427 ||| FLEEEEING.
  1428 | D:3      | 1428 ||| FLEEEEING.
  1429 | D:3      | 1429 ||| FLEEEEING.
  1430 | D:3      | 1430 ||| STAIRDANCE
  1468 | D:3      | 1468 ||| STAIRDANCE
  1532 | D:3      | Reached XP level 5. HP: 32/32 MP: 5/5
  1682 | D:3      | Found a broken altar of Ashenzari.
  1765 | D:3      | Found an ornate altar of the Wu Jian Council.
  1831 | D:3      | Reached skill level 6 in Ranged Weapons
  1905 | D:3      | 1905 ||| READING 2 scrolls labelled EKHARA PUOMICUDGH.
  1909 | D:3      | 1909 ||| DRINKING 2 red potions.
  2013 | D:3      | 2013 ||| DRINKING 2 fuming pink potions.
  2014 | D:3      | 2014 ||| DRINKING 2 glowing silvery potions.
  2015 | D:3      | 2015 ||| DROPPING potion of berserk rage.
  2016 | D:3      | 2016 ||| DROPPING potion of degeneration.
  2182 | D:4      | You fall into a shaft and drop 1 floor!
  2182 | D:5      | Entered Level 5 of the Dungeon
  2189 | D:5      | Noticed a water moccasin
  2190 | D:5      | 2190 ||| Stepping ~*~*~tactically~*~*~ (retreating).
  2192 | D:5      | Reached XP level 6. HP: 31/38 MP: 6/6
  2192 | D:5      | 2192 ||| Stepping ~*~*~tactically~*~*~ (retreating).
  2193 | D:5      | 2193 ||| Stepping ~*~*~tactically~*~*~ (retreating).
  2193 | D:5      | Found Moorur's Antique Armour Shoppe.
  2195 | D:5      | Noticed a black bear
  2200 | D:5      | HP: 9/38 [phantom (6)]
  2201 | D:5      | 2201 ||| READING scroll of teleportation.
  2202 | D:5      | 2202 ||| DRINKING 2 potions of heal wounds.
  2359 | D:4      | Found a blossoming altar of Fedhas.
  2872 | D:4      | 2872 ||| UPGRADING to +4 ring of protection.
  2873 | D:4      | 2873 ||| READING 2 scrolls labelled VEERYU QEONTE.
  2874 | D:4      | 2874 ||| READING scroll labelled EFEESTRASTO.
  2902 | D:5      | Found Xomasem's General Store.
  2902 | D:5      | Noticed Edmund
  2903 | D:5      | 2903 ||| RETREATING.
  2938 | D:5      | Killed Edmund
  2939 | D:5      | Reached skill level 7 in Ranged Weapons
  2939 | D:5      | Reached XP level 7. HP: 25/43 MP: 7/7
  3016 | D:5      | 3016 ||| SHOPLISTING +6 ring of strength (504 gold, have
                  | 225).
  3016 | D:5      | 3016 ||| SHOPLISTING amulet of reflection (420 gold, have
                  | 225).
  3016 | D:5      | 3016 ||| BUYING scroll of brand weapon (133 gold).
  3016 | D:5      | Bought a scroll of brand weapon for 133 gold pieces
  3016 | D:5      | 3016 ||| READING scroll of brand weapon.
  3016 | D:5      | 3016 ||| BRANDING +1 shortbow of draining.
  3081 | D:5      | Found Boelim's Jewellery Emporium.
  3106 | D:5      | 3106 ||| SHOPLISTING +4 ring of protection (468 gold, have
                  | 92).
  3106 | D:5      | 3106 ||| SHOPLISTING amulet of regeneration (390 gold, have
                  | 92).
  3106 | D:5      | 3106 ||| SHOPLISTING ring of protection from cold (325
                  | gold, have 92).
  3106 | D:5      | 3106 ||| SHOPLISTING ring of willpower (325 gold, have 92).
  3144 | D:5      | Reached skill level 8 in Ranged Weapons
  3146 | D:5      | 3146 ||| BUYING pair of gloves (85 gold).
  3146 | D:5      | Bought a pair of gloves for 85 gold pieces
  3185 | D:5      | 3185 ||| READING scroll of enchant weapon.
  3185 | D:5      | 3185 ||| ENCHANTING +1 shortbow of flaming.
  3278 | D:5      | Found Famigob's Weapon Boutique.
  3281 | D:5      | Found Ytiri's Armour Shoppe.
  3286 | D:5      | 3286 ||| SHOPLISTING +1 ring mail of cold resistance (240
                  | gold, have 20).
  3286 | D:5      | 3286 ||| SHOPLISTING +1 swamp dragon scales (855 gold, have
                  | 20).
  3365 | D:5      | Found a sparkling altar of Nemelex Xobeh.
  3694 | D:5      | 3694 ||| Stepping ~*~*~tactically~*~*~ (retreating).
  3699 | D:5      | Noticed Pikel
  3700 | D:5      | 3700 ||| Stepping ~*~*~tactically~*~*~ (retreating).
  3707 | D:5      | 3707 ||| Stepping ~*~*~tactically~*~*~ (retreating).
  3715 | D:5      | HP: 11/44 [Pikel/+0 whip of flaming (2)]
  3716 | D:5      | 3716 ||| READING scroll of teleportation.
  3717 | D:5      | 3717 ||| DRINKING potion of heal wounds.
  3754 | D:5      | Noticed Grinder
  3762 | D:5      | Paralysed by Grinder for 5 turns
  3767 | D:5      | 3767 ||| FLEEEEING.
  3792 | D:5      | Killed Grinder
  3793 | D:5      | Reached XP level 8. HP: 44/50 MP: 8/8
  3854 | D:5      | 3854 ||| RETREATING.
  3855 | D:5      | 3855 ||| Stepping ~*~*~tactically~*~*~ (retreating).
  3856 | D:5      | 3856 ||| Stepping ~*~*~tactically~*~*~ (retreating).
  3867 | D:5      | HP: 12/50 [Pikel/+0 whip of flaming (1)]
  3875 | D:5      | Killed Pikel
  4036 | D:5      | 4036 ||| UPGRADING to +2 robe.
  4046 | D:5      | 4046 ||| DROPPING +0 ring mail.
  4047 | D:5      | 4047 ||| UPGRADING to +0 pair of gloves.
  4052 | D:5      | 4052 ||| UPGRADING to +0 pair of boots.
  4057 | D:5      | 4057 ||| READING scroll labelled REAMOEF SEZXETY.
  4058 | D:5      | 4058 ||| READING 3 scrolls labelled BOENYV ROGOWKY.
  4059 | D:5      | 4059 ||| READING scroll labelled OCISYI RUMICW.
  4060 | D:5      | 4060 ||| READING scroll labelled OLAOSKUREOQ.
  4061 | D:5      | 4061 ||| DRINKING 2 fizzy grey potions.
  4062 | D:5      | 4062 ||| DRINKING 2 lumpy clear potions.
  4062 | D:5      | Gained mutation: Your flesh is heat resistant. (rF+)
                  | [potion of mutation]
  4062 | D:5      | Gained mutation: You sometimes lose your temper in combat.
                  | [potion of mutation]
  4062 | D:5      | Gained mutation: You occasionally lose the ability to read
                  | scrolls when taking damage. [potion of mutation]
  4062 | D:5      | Gained mutation: You have a pair of small antennae on your
                  | head. [potion of mutation]
  4063 | D:5      | 4063 ||| DROPPING +0 helmet.
  4064 | D:5      | 4064 ||| DRINKING potion of mutation.
  4064 | D:5      | Lost mutation: You occasionally lose the ability to read
                  | scrolls when taking damage. [potion of mutation]
  4064 | D:5      | Lost mutation: Your flesh is heat resistant. (rF+) [potion
                  | of mutation]
  4064 | D:5      | Lost mutation: You have a pair of small antennae on your
                  | head. [potion of mutation]
  4064 | D:5      | Gained mutation: You have hidden genetic potential. [potion
                  | of mutation]
  4064 | D:5      | Gained mutation: You have large cloven feet. [potion of
                  | mutation]
  4065 | D:5      | 4065 ||| READING 3 scrolls of identify.
  4065 | D:5      | 4065 ||| IDENTIFYING amethyst potion
  4066 | D:5      | 4066 ||| DROPPING potion of brilliance.
  4067 | D:5      | 4067 ||| DROPPING 2 scrolls of fear.
  4210 | D:6      | Found a snail-covered altar of Cheibriados.
  4291 | D:6      | Reached XP level 9. HP: 54/54 MP: 9/9
  4375 | D:6      | Reached skill level 9 in Ranged Weapons
  4380 | D:6      | 4380 ||| Stepping ~*~*~tactically~*~*~ (outnumbered).
  4386 | D:6      | Reached skill level 6 in Fighting
  4425 | D:6      | Found a burning altar of Makhleb.
  4431 | D:6      | 4431 ||| Stepping ~*~*~tactically~*~*~ (cloud).
  4759 | D:6      | 4759 ||| RETREATING.
  4775 | D:6      | Noticed a manticore
  4776 | D:6      | 4776 ||| RETREATING.
  4781 | D:6      | 4781 ||| Stepping ~*~*~tactically~*~*~ (cloud).
  4783 | D:6      | 4783 ||| Stepping ~*~*~tactically~*~*~ (cloud).
  4785 | D:6      | 4785 ||| Stepping ~*~*~tactically~*~*~ (cloud).
  4790 | D:6      | 4790 ||| Stepping ~*~*~tactically~*~*~ (retreating).
  4792 | D:6      | 4792 ||| Stepping ~*~*~tactically~*~*~ (retreating).
  4793 | D:6      | 4793 ||| Stepping ~*~*~tactically~*~*~ (retreating).
  4794 | D:6      | HP: 8/55 [steam dragon/ball of steam (23)]
  4795 | D:6      | 4795 ||| Stepping ~*~*~tactically~*~*~ (retreating).
  4805 | D:6      | HP: 5/55 [yak (6)]
  4806 | D:6      | Slain by a yak

Levels and vault maps discovered:
D:1:      lemuel_arrival_rhombus, layout_basic, serial_aquarium,
          aquarium_bridge_square [aquarium_subvault_bridge,
          aquarium_subvault_wall, aquarium_subvault_wall,
          aquarium_subvault_wall], aquarium_window_2, aquarium_window_double,
          aquarium_window_fake, aquarium_view_2c
D:2:      minmay_spotlight, layout_basic, minmay_tetromino_l4
D:3:      layout_rooms, nicolae_wu_jian_immortal_techniques, ashenzari_altar_1
D:4:      layout_basic, nicolae_overflow_crystal_walls,
          nicolae_concentric_dashed_squares_wild
D:5:      layout_loops_cross, mainiacjoe_overflow_alcove_1, serial_shops,
          nicolae_shop_crystal, shop, shop, nicolae_shop_advertising_works
          [nicolae_subvault_shop_adworks], shop, minmay_starry_boxes,
          uniq_edmund, uniq_grinder, uniq_pikel
D:6:      layout_loops_ring, mainiacjoe_overflow_concentric_impassable,
          lemuel_crystal_altar, minmay_divided_ellipse

Skill      XL: |  1  2  3  4  5  6  7  8  9 |
---------------+----------------------------+-----
Ranged Weapons | 5 6 7 8 9 |  9.9
Armour         | 1 4 |  4.0
Fighting       | 3 4 5 6 |  6.1
Dodging        | 4 |  4.4
Stealth        | |  1.1

Action                     |  1- 3 |  4- 6 |  7- 9 || total
---------------------------+-------+-------+-------++-------
   Fire: Shortbow          |    73 |   173 |   220 ||   466
    Use: Potion            |     1 |     6 |     4 ||    11
         Scroll            |       |     7 |     8 ||    15
 Armour: Leather armour    |    11 |       |       ||    11
         Ring mail         |    17 |    98 |    60 ||   175
         Robe              |       |       |    24 ||    24
  Dodge: Dodged            |    22 |    52 |    54 ||   128

Table legend:
 A = Non-vault XP
 B = Vault XP
 C = Vault XP percentage of total XP
 D = Non-vault monster count
 E = Vault monster count
 F = Vault count percentage of total count
                 A         B        C        D         E       F
            +---------+---------+-------+---------+---------+-------
      Total |    1391 |    1863 |  57.3 |      98 |      25 |  20.3
            +---------+---------+-------+---------+---------+-------
        D:1 |      48 |       0 |   0.0 |      21 |       0 |   0.0
        D:2 |      19 |      39 |  67.2 |       9 |       9 |  50.0
        D:3 |     115 |       0 |   0.0 |      22 |       0 |   0.0
        D:4 |     150 |       0 |   0.0 |      17 |       0 |   0.0
        D:5 |     423 |    1309 |  75.6 |      19 |       9 |  32.1
        D:6 |     636 |     515 |  44.7 |      10 |       7 |  41.2
            +---------+---------+-------+---------+---------+-------
